 Dungeon Crawl Stone Soup version 0.29-a0-582-ge82337ba6a (webtiles) character file.

Game seed: 6238824690093644924

77 jlumianski the Skirmisher (level 4, 0/35 HPs)
             Began as a Demonspawn Fighter on June 15, 2022.
             Slain by an ogre
             ... wielding a +0 giant club
              (18 damage)
             ... on level 3 of the Dungeon.
             The game lasted 00:07:12 (2665 turns).

jlumianski the Skirmisher (Demonspawn Fighter)      Turns: 2665, Time: 00:07:12

Health: 0/35       AC:  6    Str: 19    XL:     4   Next: 13%
Magic:  4/4        EV:  9    Int:  9    God:
Gold:   128        SH:  5    Dex: 16    Spells: 3/3 levels left

rFire   . . .      SeeInvis .   a - +0 war axe
rCold   . . .      Faith    .   c - +0 buckler
rNeg    . . .      Spirit   .   b - +0 scale mail
rPois   .          Reflect  .   (no helmet)
rElec   .          Harm     .   (no cloak)
rCorr   .          Rampage  .   (no gloves)
Will    .....                   (no boots)
Stlth   ++........              (no amulet)
HPRegen 0.11/turn               (no ring)
MPRegen 0.09/turn               (no ring)

@: mighty
A: thin skeletal structure 2, demonic guardian 1
a: no special abilities


You were on level 3 of the Dungeon.
You visited 1 branch of the dungeon, and saw 4 of its levels.

You collected 128 gold pieces.

Inventory:

Hand Weapons
 a - a +0 war axe (weapon)
Missiles
 g - 84 stones
 m - 5 poisoned darts (quivered)
Armour
 b - a +0 scale mail (worn)
 c - a +0 buckler (worn)
Scrolls
 e - 2 scrolls of magic mapping {unknown}
 h - 3 scrolls of identify {unknown}
 i - a scroll of fear {unknown}
 j - a scroll of immolation {unknown}
 l - a scroll of teleportation {unknown}
 n - a scroll of fog {unknown}
Potions
 f - a potion of mutation {unknown}
 k - a potion of lignification {unknown}
 o - a potion of invisibility {unknown}
 p - 4 potions of curing {unknown}
 q - a potion of heal wounds {unknown}
 r - a potion of ambrosia {unknown}


   Skills:
 + Level 3.4 Fighting
 + Level 2.5 Axes
 + Level 3.3 Armour
 + Level 0.5 Dodging
 + Level 0.3 Stealth
 + Level 3.1 Shields


You had 3 spell levels left.
You didn't know any spells.
Your spell library contained the following spells:

 Spells                   Type           Power      Damage    Failure   Level
 Magic Dart               Conj           0%         1d3       85%         1
 Call Imp                 Summ           0%         N/A       94%         2
 Scorch                   Fire           0%         2d5       94%         2
 Frozen Ramparts          Ice            0%         1d2       99%         3
 Mephitic Cloud           Conj/Pois/Air  0%         N/A       99%         3
 Flame Wave               Conj/Fire      0%         2d4       100%        4
 Ice Form                 Ice/Tmut       0%         N/A       100%        4
 Summon Ice Beast         Ice/Summ       0%         N/A       100%        4
 Summon Cactus Giant      Summ           0%         N/A       100%        6


Dungeon Overview and Level Annotations

Branches:
Dungeon (4/15)
 Temple: D:4-7

Altars:
Dithmenos
Elyvilon

Shops:
D:2 :

Annotations:
D:4 Menkaure


Innate Abilities, Weirdness & Mutations

You have a moderately thin skeletal structure. (Dex +4, Stealth++)
A weak demonic guardian rushes to your aid.


Message History

There is a stone staircase leading down here.
You climb downwards.
Found a ring mail.
There is a stone staircase leading up here.
You see here a +0 ring mail.
r - a fizzy clear potion
Found a stone staircase leading down.
p - 4 orange potions (gained 1)
There is a stone staircase leading down here.
A frilled lizard comes into view.
There is a stone staircase leading down here.
You climb downwards.
You hear the hiss of flowing sand.
There is an entrance to an ossuary on this level.
Hurry and find it before the portal is buried!
The walls and floor vibrate strangely for a moment.
Level annotation: Menkaure
There is a stone staircase leading up here.
You climb upwards.
There is a stone staircase leading down here.
The helpless frilled lizard fails to defend itself.
You slash the frilled lizard!
You kill the frilled lizard!
Found a leather armour.
An ogre comes into view. It is wielding a +0 giant club.
Found a leather armour.
The ogre shouts!
Found a stone staircase leading down.
The ogre closely misses you. The ogre attacks as you move away!
The ogre hits you with a +0 giant club!!
Ouch! That really hurt!
You aren't carrying any items that you can evoke.
Unknown command.
Unknown command.
You feel very mighty all of a sudden.
You hit the ogre.
The ogre is moderately wounded.
The ogre hits you with a +0 giant club!!
Ouch! That really hurt!
You die...

.........##..........##
.......#.##[.......###
.......#.##.....#### ##
.......#.#..#.#.##### #########..
####.#..............# #..........
#.#)........#....# #..........
#.#.........#....# #..........
#.#.....<...#....###........[.
###.#.........#@O...............
#...#.........#....###..........
##.###.........#....# #..........
...###.........#....# #....[.....
..[..............................
######.<.......########..........
########### ###########


You could see an ogre.

Vanquished Creatures
  2 adders
  A gnoll (D:1)
  A worm (D:2)
  2 dart slugs (D:2)
  3 ball pythons (D:2)
  6 endoplasms
  3 giant cockroaches
  5 goblins
  3 hobgoblins
  4 kobolds
  2 quokkas
  4 bats
  2 frilled lizards (D:3)
  5 rats
43 creatures vanquished.

Notes
Turn   | Place    | Note
-------+----------+-------------------------------------------
     0 | D:1      | jlumianski the Demonspawn Fighter began the quest for the
                  | Orb.
     0 | D:1      | Reached XP level 1. HP: 18/18 MP: 1/1
   180 | D:1      | Gained mutation: A weak demonic guardian rushes to your
                  | aid. [demonic ancestry]
   180 | D:1      | Reached XP level 2. HP: 4/24 MP: 2/2
   815 | D:2      | Found Bisatyob's Book Shop.
  1043 | D:2      | Gained mutation: You have a somewhat thin skeletal
                  | structure. (Dex +2, Stealth+) [demonic ancestry]
  1043 | D:2      | Reached XP level 3. HP: 29/29 MP: 3/3
  1731 | D:4      | Found a shadowy altar of Dithmenos.
  1732 | D:4      | Noticed Menkaure
  2160 | D:2      | Gained mutation: You have a moderately thin skeletal
                  | structure. (Dex +4, Stealth++) [demonic ancestry]
  2160 | D:2      | Reached XP level 4. HP: 20/35 MP: 4/4
  2649 | D:3      | Noticed an ogre
  2665 | D:3      | Slain by an ogre

Illustrated notes

Levels and vault maps discovered:
D:1:      dpeg_arrival_long_road, layout_rooms
D:2:      layout_basic, serial_shops, nicolae_shop_waterfront, basic_altar,
          serial_park_tiny_pond
D:3:      layout_rooms, hellmonk_ecumenical_altar_lost_god
D:4:      layout_rooms, kennysheep_vampire_church,
          nicolae_dithmenos_shadow_blocks,
          nicolae_ossuary_entry_false_entrances, kennysheep_generic_room_12,
          uniq_sigmund, uniq_menkaure

Skill      XL: |  1  2  3 |
---------------+----------+-----
Shields        | 3 |  3.1
Armour         | 3 |  3.3
Axes           | 2 |  2.5
Fighting       | |  3.4
Dodging        | |  0.5
Stealth        | |  0.3

Action                   |  1- 3 |  4- 6 || total
-------------------------+-------+-------++-------
Melee: War axe           |    91 |    11 ||   102
Throw: Stone             |     7 |       ||     7
       Dart              |     1 |       ||     1
  Use: Potion            |       |     1 ||     1
 Stab: Sleeping          |       |     2 ||     2
Armor: Scale mail        |    53 |     5 ||    58
Dodge: Dodged            |    45 |     6 ||    51
Block: Buckler           |    28 |     2 ||    30

Table legend: (Time is in decaauts)
 A = Elapsed time spent in this place.
 B = Non-inter-level travel time spent in this place.
 C = Inter-level travel time spent in this place.
 D = Time resting spent in this place.
 E = Time spent auto-exploring this place.
 F = Levels seen in this place.
 G = Mean time per level.
                   A        B        C        D        E       F      G
               +--------+--------+--------+--------+--------+-----+--------+
         Total |   2716 |   2639 |     77 |    239 |   1578 |   4 |  679.0 |
       Dungeon |   2716 |   2639 |     77 |    239 |   1578 |   4 |  679.0 |
               +--------+--------+--------+--------+--------+-----+--------+

Top non-repeatable levels by time:
     D:2: 1386 daAuts
     D:1: 924 daAuts
     D:3: 303 daAuts
     D:4: 101 daAuts
